AoeStats
← Mknolix

Black Forest

510081066Analyzed
4v4 RM · 4d ago on Sep 29, 2026· 53m 11s· 8 players
Game mode
Random Map
Map size
Large (8 player)
Population
200
Speed
Normal
Resources
Standard
Victory
Conquest
Starting age
Dark Age
Ending age
Imperial Age
RankedLock teamsTeams togetherTeam positionsShared explorationLock speedFull tech treeHidden civsTurbo modeCheats
Victory
Defeat
🇨🇦 Persians · Canada
1193
+15
🇨🇳 Britons · China
1176
+16
🇩🇰 Jurchens · Denmark
1150
+17
🇸🇪 Saracens · Sweden
1140
+17
🇨🇳 Lithuanians · China
1230
-18
🇮🇳 Celts · India
1169
-16
🇮🇳 Persians · India
1154
-16
🇦🇷 Inca · Argentina
1139
-15
Hans Solo
11:16 Feudal Age
15:45 Castle Age
13:57 Double-Bit Axe
14:33 Gold Mining
25:28 Bow Saw
25:55 Horse Collar
27:10 Heavy Plow
28:01 Gold Shaft Mining
27:49 Stone Mining
28:50 Wheelbarrow
29:51 Hand Cart
34:21 Imperial Age
35:07 Forging
35:04 Scale Barding Armor
35:42 Loom
35:43 Town Watch
37:01 Two-Man Saw
36:39 Iron Casting
36:48 Fortified Wall
37:35 Chain Barding Armor
38:08 Town Patrol
37:50 Elite Mameluke
38:53 Conscription
39:13 Pikeman
40:58 Blast Furnace
40:34 Plate Barding Armor
40:11 Squires
39:58 Arson
41:45 Scale Mail Armor
47:02 Chemistry
47:36 Chain Mail Armor
mark4u.24
11:29 Feudal Age
16:15 Castle Age
14:38 Double-Bit Axe
15:00 Horse Collar
16:09 Bloodlines
17:27 Bow Saw
18:23 Loom
23:05 Wheelbarrow
22:48 Heavy Plow
25:14 Gold Mining
26:21 Hand Cart
30:22 Imperial Age
28:45 Husbandry
28:53 Scale Barding Armor
29:00 Forging
29:48 Gold Shaft Mining
29:04 Stone Mining
30:01 Cavalier
31:07 Conscription
31:49 Chain Barding Armor
32:05 Iron Casting
31:26 Savar
33:41 Two-Man Saw
33:14 Crop Rotation
34:12 Plate Barding Armor
34:19 Hoardings
35:15 Blast Furnace
34:52 Citadels
34:59 Masonry
35:50 Chemistry
37:57 Fletching
38:29 Ballistics
38:40 Architecture
39:17 Pikeman
39:57 Squires
40:08 Murder Holes
40:18 Bodkin Arrow
42:10 Halberdier
47:08 Scale Mail Armor
48:32 Chain Mail Armor
49:15 Stone Shaft Mining
48:18 Capped Ram
49:43 Plate Mail Armor
50:16 Siege Ram
ChrisB
1:30 Loom
18:00 Feudal Age
19:03 Horse Collar
19:09 Double-Bit Axe
21:40 Castle Age
30:21 Heavy Plow
30:35 Bow Saw
30:19 Gold Mining
31:10 Bloodlines
31:01 Husbandry
32:01 Forging
32:31 Gold Shaft Mining
34:32 Wheelbarrow
34:36 Scale Barding Armor
36:30 Chain Barding Armor
36:51 Fletching
37:01 Padded Archer Armor
38:23 Scale Mail Armor
39:01 Iron Casting
39:01 Squires
46:13 Imperial Age
47:27 Chain Mail Armor
48:07 Leather Archer Armor
48:07 Siege Engineers
52:03 Guilds
54:10 Ballistics
新手村五四
4:58 Loom
12:37 Feudal Age
17:07 Castle Age
15:05 Double-Bit Axe
15:01 Horse Collar
15:20 Gold Mining
18:45 Bow Saw
21:47 Wheelbarrow
21:16 Town Watch
Mknolix
0:29 Loom
14:33 Feudal Age
18:26 Castle Age
16:29 Double-Bit Axe
16:28 Horse Collar
18:22 Wheelbarrow
19:44 Bow Saw
dipsh*t
10:00 Feudal Age
16:49 Castle Age
15:23 Double-Bit Axe
15:19 Horse Collar
22:28 Loom
迪酒不沾丶
11:13 Feudal Age
12:17 Feudal Age
13:00 Double-Bit Axe
15:42 Castle Age
13:27 Horse Collar
15:28 Wheelbarrow
14:39 Loom
16:40 Bow Saw
19:13 Heavy Plow
24:14 Scale Barding Armor
24:57 Forging
25:14 Bloodlines
25:04 Husbandry
26:17 Chain Barding Armor
26:56 Husbandry
27:07 Gold Mining
31:43 Imperial Age
29:30 Fortified Wall
30:06 Stone Mining
30:51 Hand Cart
30:22 Town Watch
31:57 Iron Casting
31:49 Cavalier
33:07 Plate Barding Armor
33:01 Conscription
33:24 Paladin
34:26 Fletching
37:04 Bodkin Arrow
37:10 Town Patrol
37:54 Bracer
38:09 Masonry
37:57 Murder Holes
40:20 Chemistry
39:41 Ballistics
39:14 Guard Tower
39:46 Light Cavalry
45:09 Keep
45:07 Architecture
45:15 Hoardings
44:45 Hill Forts
51:11 Winged Hussar
AztecKiller2427
1:11 Loom
16:20 Feudal Age
17:11 Horse Collar
20:11 Castle Age
Connection lost

Rejoining the realm…

Still unreachable

The connection could not be restored.

Session expired

The server has moved on; the page needs a fresh start.